Map: Golden Wall LE

Players

JohnnyV - Winner!

  • Race: Terran Terran
  • League: Silver
  • Spawn Location: 7:00

阿琪仔

  • Race: Terran Terran
  • League: Silver
  • Spawn Location: 5:00

VOD

Have the link to the VOD?

Description

Time

  • Played on: May 16, 2020, 6:04 p.m.
  • Length: 2:30
Show
View Real Time Build Order
Export as new Build Order

JohnnyV Terran - Winner!

Build Orders:  

Get SALT Encoding   

  12  0:01  SCV  
  13  0:18  Supply Depot  
  13  0:20  SCV  
  14  0:30  Refinery  
  14  0:33  SCV  
  15  0:46  Barracks  
  15  0:50  SCV  
  16  1:03  SCV  
  17  1:05  Supply Depot  
  17  1:15  SCV  
  18  1:27  SCV  
  18  1:30  Barracks  
  19  1:35  Marine  
  20  1:43  Refinery  
  20  1:44  SCV  
  21  2:15  Factory  
  21  2:18  Barracks Tech Lab  
  22  2:28  Bunker  
Show
View Real Time Build Order
Export as new Build Order

阿琪仔 Terran 

Build Orders:  

Get SALT Encoding   

Tags
 
Matchup
TvT
Race
Terran
Spawn Locations
Close Positions
Add a new tag
Caveats
  • Supply blocks, unpowered buildings, or Contaminate may cause inaccurate times.
  • Supply counts are checked every 10 seconds.